 Dungeon Crawl Stone Soup version 0.30-a0-465-g8901f6c8b5 (webtiles) character file.

Game seed: 6571487493492714149

1618 MackTheKnife the Insei (level 8, -17/57 HPs)
             Began as an Octopode Monk on Dec 18, 2022.
             Was a Priest of Cheibriados.
             Engulfed by a steam dragon's steam (23 damage)
             ... on level 6 of the Dungeon.
             The game lasted 00:06:53 (5898 turns).

MackTheKnife the Insei (Octopode Monk)              Turns: 5898, Time: 00:06:53

Health: -17/57     AC:  5    Str: 19    XL:     8   Next: 96%
Magic:  8/8        EV: 35    Int: 26    God:    Cheibriados [***...]
Gold:   356        SH:  0    Dex: 27    Spells: 7/7 levels left

rFire   . . .      SeeInvis .      - Unarmed
rCold   . . .      Faith    .    (no shield)
rNeg    . . .      Spirit   .    (helmet restricted)
rPois   .          Reflect  .    u - amulet of the acrobat
rElec   .          Harm     .    e - +4 ring of protection
rCorr   .          Rampage  .    g - +6 ring of dexterity
Will    +....                    m - ring of Togel {Fly Int+6}
Stlth   ++++......               w - ring of wizardry
HPRegen 0.29/turn                y - ring of willpower
MPRegen 0.11/turn                (no ring)
                                 (no ring)
                                 (no ring)

@: about to teleport, acrobatic, flying, very slow
A: almost no armour, amphibious, 8 rings, camouflage 1, gelatinous body 1,
(nimble swimmer 1), tentacles
a: Renounce Religion, Bend Time, Temporal Distortion


You were on level 6 of the Dungeon.
You worshipped Cheibriados.
Cheibriados was most pleased with you.
You visited 2 branches of the dungeon, and saw 8 of its levels.

You collected 356 gold pieces.


Innate Abilities, Weirdness & Mutations

You cannot wear most types of armour.
You are amphibious.
You can wear up to eight rings at the same time.
Your skin changes colour to match your surroundings (Stealth+).
Your rubbery body absorbs attacks. (AC +1, EV +1)
((You are camouflaged when in or above water. (Stealth+)))
You have tentacles for arms and can constrict up to eight enemies at once.


   Skills:
 + Level 5.9 Fighting
 + Level 7.2 Dodging
 - Level 2.6 Stealth
 + Level 7.8 Unarmed Combat


You had 7 spell levels left.
You didn't know any spells.
Your spell library contained the following spells:

 Spells                   Type           Power      Damage    Failure   Level
 Slow                     Hex            0%         N/A       5%          1
 Confusing Touch          Hex            0%         N/A       16%         3
 Frozen Ramparts          Ice            0%         1d1       16%         3
 Gell's Gravitas          Tloc           0%         N/A       16%         3
 Lesser Beckoning         Tloc           0%         N/A       16%         3
 Ozocubu's Armour         Ice            0%         N/A       16%         3
 Teleport Other           Tloc           0%         N/A       16%         3
 Vampiric Draining        Necr           0%         2d6       16%         3
 Ice Form                 Ice/Tmut       0%         N/A       43%         4
 Summon Ice Beast         Ice/Summ       0%         N/A       43%         4

Inventory:

Magical Staves
 x - a staff of fire {!astaff}
   (You found it on level 6 of the Dungeon)
Jewellery
 e - a +4 ring of protection (left tentacle)
   (You found it on level 1 of the Dungeon)
 g - a +6 ring of dexterity (right tentacle)
   (You found it on level 1 of the Dungeon)
 i - a ring of fire
   (You found it on level 1 of the Dungeon)
 m - the ring of Togel (on tentacle) {Fly Int+6}
   (You found it on level 4 of the Dungeon)

   [ring of flight]

   Int:       It affects your intelligence (+6).
   Fly:       It grants you flight.
 u - an amulet of the acrobat (around mantle)
   (You found it on level 5 of the Dungeon)
 w - a ring of wizardry (on tentacle)
   (You found it on level 5 of the Dungeon)
 y - a ring of willpower (on tentacle)
   (You found it on level 6 of the Dungeon)
Wands
 j - a wand of charming (2)
   (You took it off Pikel on level 6 of the Dungeon)
 q - a wand of quicksilver (13)
   (You took it off Ijyb on level 3 of the Dungeon)
 t - a wand of polymorph (6)
   (You found it on level 5 of the Dungeon)
 z - a wand of flame (4)
   (You took it off an orc on level 6 of the Dungeon)
Scrolls
 f - 4 scrolls of teleportation {@r4}
 p - a scroll of blinking {!r}
Potions
 a - a potion of ambrosia
 b - 2 potions of flight
 c - a potion of degeneration {unknown}
 d - 2 potions of haste {@q3}
 h - a potion of attraction {unknown}
 k - 2 potions of might
 l - 4 potions of curing {@q1}
 n - a potion of cancellation {unknown}
 o - a potion of brilliance {unknown}
 r - a potion of mutation {!q}
 s - a potion of heal wounds {unknown}
 v - 2 potions of lignification {unknown}

Dungeon Overview and Level Annotations

Branches:
Dungeon (7/15) Zot: 40486  Temple (1/1) D:5 Zot: 8673

Altars:
Ashenzari
Cheibriados
Dithmenos
Elyvilon
Fedhas
Hepliaklqana
Kikubaaqudgha
Nemelex Xobeh
Okawaru
Qazlal
Ru
Trog
Uskayaw
Vehumet
Wu Jian
Zin

#####.# #.#...............(#
......## #.#....#############
####...#####[#.>..### #####
...................)# #....
####...####.........# #.###
......#####.........## #.#
####............>....# #.# #
##.########....##.# #.# # ###.#
#.§@.##.########.# #
#...########§§..##..........#
###.#...O§D.§§§§###############
......########.##
#####..........# # ############


There were no monsters in sight!


Message History

😮 HP[+1]
You completely miss the orc. You squeeze the orc.
You kill the orc!
Cheibriados appreciates the change of pace.
You start resting. 😎 HP[+20]
Your hp is fully restored (57).
z - a wand of flame (4)
You see here a +0 mace {mace}.
Things that are here:
a +0 flail {mace}; a +0 ring mail Key pressed, stopping explore.
Key pressed, stopping explore.
Key pressed, stopping explore.
Key pressed, stopping explore.
Key pressed, stopping explore.
You now have 342 gold pieces (gained 12).
p - 2 scrolls of blinking {!r} (gained 1)
You see here a stone {throwing}.
You now have 356 gold pieces (gained 14).
Found an escape hatch in the floor.
There is an escape hatch in the floor here.
You pick up a book of Debilitation and begin reading...
You add the spells Slow, Vampiric Draining and Confusing Touch to your library.
Key pressed, stopping explore.
There is a stone staircase leading up, spattered with blood here.
Things that are here:
a +0 club {mace}; a +0 robe You reach down and open the gate.
There is an open gate here.
Done exploring.
Okay, then.
Okay, then.
Done exploring.
Done exploring.
(D) Dungeon (T) Temple
Where to? (Enter - D:5 @ (x,y), ? - help)
What level of the Dungeon? (default 1, ? - help)
There is an open gate here.
You see here 4 poisoned darts {throwing}.
There is a stone staircase leading down here.
You fly downwards.
There is a stone staircase leading up here.
A steam dragon is nearby!
The helpless steam dragon fails to defend itself.
You tentacle-slap the steam dragon.
Your tentacle-slap misses the steam dragon.
A two-headed ogre comes into view.
It is wielding a +0 giant spiked club and a +0 giant club.
The steam dragon bites you!
The steam dragon barely misses you. 😕 HP[-7]
You take 7 damage, and now have 50/57 hp.
You tentacle-slap the steam dragon but do no damage.
You tentacle-slap the steam dragon.
An orc wizard comes into view. It is wielding a +0 dagger.
An orc comes into view. It is wielding a +0 club.
The steam dragon breathes steam at you. The ball of steam hits you!
The orc wizard shouts!
You hear a shout! x5 😮 HP[-11]
You take 11 damage, and now have 39/57 hp.
You are too injured to fight recklessly!
You are too injured to fight recklessly!
You are too injured to fight recklessly!
Unknown command.
You are engulfed in a cloud of scalding steam.
* * * LOW HITPOINT WARNING * * *
😨 HP[-18]
You take 18 damage, and now have 21/57 hp.
MASSIVE DAMAGE!! (PAUSE)
The steam dragon attacks as you move away!
The steam dragon completely misses you. x2
You are engulfed in a cloud of scalding steam.
* * * LOW HITPOINT WARNING * * *
The steam dragon completely misses you.
The steam dragon claws you but does no damage.
There is a stone staircase leading up here. 😱 HP[-14]
You take 14 damage, and now have 7/57 hp.
MASSIVE DAMAGE!! (PAUSE)
The two-headed ogre completely misses you.
The two-headed ogre closely misses you. The steam dragon misses you.
The steam dragon barely misses you.
You fly upwards.
There is a stone staircase leading down here. 😱 HP[+1] Unknown command.
Really read
p - 2 scrolls of blinking {!r}?
Blink to where?
Press: ? - help, Dir - move target
As you read the scroll of blinking {!r}, it crumbles to dust.
The steam dragon breathes steam at you.
The ball of steam hits you but does no damage.
As you read the scroll of teleportation {@r4}, it crumbles to dust.
You feel strangely unstable.
You are engulfed in a cloud of scalding steam.
* * * LOW HITPOINT WARNING * * *
😱 HP[-2]
You take 2 damage, and now have 6/57 hp.
You are engulfed in a cloud of scalding steam.
You die...

Skill      XL: |  1  2  3  4  5  6  7  8 |
---------------+-------------------------+-----
Unarmed Combat | 4 5 6 7 |  7.8
Dodging        | 4 5 6 7 |  7.2
Fighting       | 5 |  5.9
Stealth        | |  2.6

Action                   |  1- 3 |  4- 6 |  7- 9 || total
-------------------------+-------+-------+-------++-------
Melee: Unarmed           |    58 |   116 |   105 ||   279
       Tentacles         |     9 |    25 |    33 ||    67
       Constrict         |    15 |    31 |    28 ||    74
       Punch             |       |     3 |     7 ||    10
  Use: Scroll            |       |     7 |    11 ||    18
 Stab: Sleeping          |     8 |    17 |     3 ||    28
Armor: Skin              |     7 |    15 |    15 ||    37
Dodge: Dodged            |    40 |    77 |   108 ||   225

Levels and vault maps discovered:
D:1:      minmay_arrival_checkered_box, layout_basic, nicolae_grassy_gnolls
D:2:      layout_basic, hellmonk_ecumenical_altar_watching_god
D:3:      layout_loops_ring, lemuel_zombie_altar_kikubaaqudgha,
          nicolae_dithmenos_shadow_blocks, uniq_ijyb
D:4:      layout_basic, kennysheep_potato
D:5:      layout_basic, mainiacjoe_overflow_two_lobes,
          minmay_temple_entry_sparse_star
D:6:      layout_loops_ring, fedhas_ov_isle_minmay, serial_bayou_ford_a,
          kennysheep_donut, uniq_pikel
D:7:      layout_cave_pods, xom_butterflies, makhleb_grotto_becter,
          mainiacjoe_overflow_24_doors, serial_shops, shop, shop,
          kennysheep_little_box, shop, nicolae_inconvenience_store,
          grunt_livestock, uniq_duvessa, uniq_menkaure
Temple:   minmay_temple_curvy_loop

Notes
Turn   | Place    | Note
-------+----------+-------------------------------------------
     0 | D:1      | MackTheKnife the Octopode Monk began the quest for the Orb.
     0 | D:1      | Reached XP level 1. HP: 16/16 MP: 1/1
     0 | D:1      | magus.rc [v1.9.6]
    19 | D:1      | You add the spells Frozen Ramparts, Ozocubu's Armour,
                  | Summon Ice Beast and Ice Form to your library.
    19 | D:1      | Got Lijargh's Quarto of Hoarfrost
   111 | D:1      | Reached XP level 2. HP: 16/21 MP: 2/2
   255 | D:1      | Reached skill level 4 in Unarmed Combat
   383 | D:1      | Reached XP level 3. HP: 26/26 MP: 3/3
   693 | D:2      | Found a faded altar of an unknown god.
   693 | D:2      | Noticed a great orb of eyes
   742 | D:2      | Noticed a great orb of eyes
   742 | D:2      | Noticed a floating eye
   742 | D:2      | Noticed a golden eye
   940 | D:2      | Reached XP level 4. HP: 31/31 MP: 4/4
  1449 | D:3      | You pick up a book of Displacement and begin reading...
  1449 | D:3      | You add the spells Lesser Beckoning, Gell's Gravitas and
                  | Teleport Other to your library.
  1827 | D:3      | Found a shadowy altar of Dithmenos.
  1838 | D:3      | Noticed Ijyb
  1889 | D:3      | HP: 1/31 [Ijyb/bolt of dispelling energy (19)]
  1893 | D:3      | Killed Ijyb
  2216 | D:3      | Reached skill level 4 in Dodging
  2216 | D:3      | Reached XP level 5. HP: 36/36 MP: 5/5
  2292 | D:3      | Found an ancient bone altar of Kikubaaqudgha.
  2596 | D:4      | Reached skill level 5 in Unarmed Combat
  3320 | D:4      | Identified the ring of Togel {Fly Int+6}
  3358 | D:5      | Entered Level 5 of the Dungeon
  3379 | D:5      | Found a bloodstained altar of Trog.
  3408 | D:5      | Found a broken altar of Ashenzari.
  3475 | D:5      | Reached XP level 6. HP: 36/42 MP: 6/6
  3643 | D:5      | Found a staircase to the Ecumenical Temple.
  3651 | D:5      | Reached skill level 5 in Dodging
  3802 | Temple   | Entered the Ecumenical Temple
  4003 | Temple   | Became a worshipper of Cheibriados the Contemplative
  4003 | Temple   | Reached * piety under Cheibriados
  4003 | Temple   | Reached ** piety under Cheibriados
  4208 | D:5      | Reached skill level 6 in Unarmed Combat
  4208 | D:5      | Reached XP level 7. HP: 46/46 MP: 7/7
  4355 | D:5      | Reached skill level 4 in Fighting
  4931 | D:6      | Reached skill level 6 in Dodging
  5037 | D:6      | Noticed Pikel
  5051 | D:6      | Killed Pikel
  5051 | D:6      | Reached *** piety under Cheibriados
  5052 | D:6      | Reached skill level 5 in Fighting
  5052 | D:6      | Reached skill level 7 in Unarmed Combat
  5052 | D:6      | Reached XP level 8. HP: 49/55 MP: 8/8
  5236 | D:6      | Reached skill level 7 in Dodging
  5411 | D:6      | Found a blossoming altar of Fedhas.
  5730 | D:6      | You pick up a book of Debilitation and begin reading...
  5730 | D:6      | You add the spells Slow, Vampiric Draining and Confusing
                  | Touch to your library.
  5890 | D:7      | Noticed a two-headed ogre
  5893 | D:7      | HP: 7/57 [steam dragon] (14)]
  5898 | D:6      | Engulfed by a steam dragon's steam

Vanquished Creatures
  Pikel (D:6)
  2 ice beasts
  A bullfrog (D:6)
  A gnoll sergeant (D:6)
  A scorpion (D:5)
  An electric eel (D:6)
  A howler monkey (D:5)
  3 jellies
  A gnoll bouda (D:6)
  4 hounds
  An iguana (D:5)
  Ijyb (D:3)
  3 orc wizards
  14 gnolls
  7 adders
  2 white imps
  4 ufetubi
  3 worms
  3 dart slugs
  11 orcs
  3 endoplasms
  3 giant cockroaches
  4 hobgoblins
  4 quokkas
  9 ball pythons
  8 bats
  5 frilled lizards
  7 goblins
  4 kobolds
  6 rats
118 creatures vanquished.

Vanquished Creatures (others)
  A goblin (D:3)
  5 plants (D:6)
6 creatures vanquished.

Grand Total: 124 creatures vanquished

Table legend:
 A = Non-vault XP
 B = Vault XP
 C = Vault XP percentage of total XP
 D = Non-vault monster count
 E = Vault monster count
 F = Vault count percentage of total count
                 A         B        C        D         E       F
            +---------+---------+-------+---------+---------+-------
      Total |    1572 |     740 |  32.0 |     113 |       5 |   4.2
            +---------+---------+-------+---------+---------+-------
        D:1 |      29 |      14 |  32.6 |      19 |       1 |   5.0
        D:2 |      54 |       0 |   0.0 |      17 |       0 |   0.0
        D:3 |      37 |      36 |  49.3 |      17 |       1 |   5.6
        D:4 |      92 |       5 |   5.2 |      12 |       2 |  14.3
        D:5 |     752 |       0 |   0.0 |      27 |       0 |   0.0
        D:6 |     608 |     685 |  53.0 |      21 |       1 |   4.5
            +---------+---------+-------+---------+---------+-------

Illustrated notes

Table legend:
 A = Kills in this place as a percentage of kills in entire the game.
 B = Kills by you in this place as a percentage of kills by you in the entire game.
 C = Kills by friends in this place as a percentage of kills by friends in the entire game.
 D = Other kills in this place as a percentage of other kills in the entire game.
 E = Experience gained in this place as a percentage of experience gained in the entire game.
 F = Experience gained in this place divided by the number of levels of this place that you have seen.
                   A       B       C       D       E      F
               +-------+-------+-------+-------+-------+----------------------
         Total | 100.0 | 100.0 |   N/A |   N/A | 100.0 | 289.0
       Dungeon | 100.0 | 100.0 |   N/A |   N/A | 100.0 | 330.3
               +-------+-------+-------+-------+-------+----------------------

Table legend: (Time is in decaauts)
 A = Elapsed time spent in this place.
 B = Non-inter-level travel time spent in this place.
 C = Inter-level travel time spent in this place.
 D = Time resting spent in this place.
 E = Time spent auto-exploring this place.
 F = Levels seen in this place.
 G = Mean time per level.
                   A        B        C        D        E       F      G
               +--------+--------+--------+--------+--------+-----+--------+
         Total |   6568 |   6114 |    454 |    540 |   4747 |   8 |  821.0 |
       Dungeon |   6342 |   5912 |    430 |    540 |   4559 |   7 |  906.0 |
        Temple |    225 |    202 |     23 |      0 |    188 |   1 |  225.0 |
               +--------+--------+--------+--------+--------+-----+--------+

Top non-repeatable levels by time:
     D:5: 1628 daAuts
     D:6: 1359 daAuts
     D:4: 1013 daAuts
     D:3: 928 daAuts
     D:2: 727 daAuts
     D:1: 675 daAuts
  Temple: 225 daAuts
     D:7: 10 daAuts
